 Dungeon Crawl Stone Soup version 0.31-a0-636-ge1c0e020e0 (webtiles) character file.

Game seed: 6778940580563694796

3885 avis the Cleaver (level 10, -16/88 HPs)
             Began as a Hill Orc Monk on Aug 26, 2023.
             Was a Follower of Beogh.
             Demolished by a two-headed ogre
             ... wielding a +0 giant club
              (20 damage)
             ... on level 11 of the Dungeon.
             The game lasted 00:54:59 (8966 turns).

avis the Cleaver (Hill Orc Monk)                    Turns: 8966, Time: 00:55:00

Health: -16/88     AC: 17    Str: 19    XL:     10   Next: 19%
Magic:  4/10       EV: 14    Int: 10    God:    Beogh [*.....]
Gold:   283        SH:  0    Dex: 13    Spells: 9/9 levels left

rFire   . . .        P - +4 flail (protect)
rCold   . . .        (no shield)
rNeg    . . .        D - +1 chain mail {rPois}
rPois   +            F - melded +0 helmet {Int+3}
rElec   .            p - melded +0 cloak
rCorr   .            (gloves currently unavailable)
SInv    .            (boots currently unavailable)
Will    .....        i - amulet of faith Stlth
                     j - +5 ring of evasion
HPRegen 0.34/turn    t - ring of flight
MPRegen 0.12/turn

%: faith
@: beast-form, under a protective aura, flying
A: beast (slay +2)
a: Begin Untransformation, Renounce Religion


You were on level 11 of the Dungeon.
You worshipped Beogh.
Beogh was aware of your devotion.
You were a hulking beast.
You visited 2 branches of the dungeon, and saw 10 of its levels.

You collected 283 gold pieces.

Inventory:

Hand Weapons
 a - a +0 hand axe
 b - a +4 arbalest
 c - a +0 dagger of venom
 w - a +6 trident of venom
 H - a +2 hammer of holy wrath
 P - a +4 flail of protection (weapon)
Missiles
 l - 15 boomerangs
 q - a curare-tipped dart
 E - 16 poisoned darts (quivered)
Armour
 d - a +0 plate armour
 p - a +0 cloak (melded)
 D - a +1 chain mail of poison resistance (worn)
 F - a +0 helmet of intelligence (melded)
Jewellery
 i - an amulet of faith (around neck)
 j - a +5 ring of evasion (left hand)
 t - a ring of flight (right hand)
Talismans
 g - a beast talisman (active)
 C - a serpent talisman
Wands
 k - a wand of iceblast (8)
Scrolls
 e - 2 scrolls of fear {unknown}
 h - a scroll of torment {unknown}
 n - 2 scrolls of poison {unknown}
 r - 3 scrolls of enchant armour {unknown}
 u - 3 scrolls of immolation {unknown}
 x - 2 scrolls of silence {unknown}
 y - 2 scrolls of vulnerability {unknown}
 z - a scroll of fog {unknown}
 G - 2 scrolls of blinking {unknown}
Potions
 f - a potion of ambrosia
 v - a potion of enlightenment
 A - 4 potions of brilliance
 K - a potion of haste {unknown}
 M - 2 potions of resistance {unknown}


   Skills:
 + Level 8.1 Fighting
 - Level 14.0 Axes
 - Level 5.0 Armour
 - Level 3.0 Dodging
 * Level 4.7 Shapeshifting


You had 9 spell levels left.
You didn't know any spells.
Your spell library contained the following spells:

 Spells                   Type           Power      Damage    Failure   Level
 Kiss of Death            Conj/Necr      0%         2d5       96%         1
 Sting                    Tmut/Pois      0%         1d3       96%         1
 Wereblood                Tmut           0%         N/A       99%         2
 Confusing Touch          Hex            0%         N/A       100%        3
 Frozen Ramparts          Ice            0%         1d1       100%        3
 Inner Flame              Hex/Fire       0%         N/A       100%        3
 Dispel Undead            Necr           0%         3d6       100%        4
 Flame Wave               Conj/Fire      0%         2d4       100%        4
 Petrify                  Tmut/Erth      0%         N/A       100%        4
 Sticky Flame             Conj/Fire      0%         2d3       100%        4


Dungeon Overview and Level Annotations

Branches:
Dungeon (8/15)             Temple (1/1) D:4
   Lair: D:8-11

Altars:
Ashenzari
Cheibriados
Dithmenos
Elyvilon
Fedhas
Gozag
Hepliaklqana
Kikubaaqudgha
Makhleb
Nemelex Xobeh
Okawaru
Qazlal
Ru
Sif Muna
Trog
Uskayaw
Vehumet
Wu Jian
Xom
Yredelemnul
Zin
The Shining One

Annotations:
D:5 1 runed translucent door, GoodGuyCap's ghost, novice OpSh


Message History

You hit the two-headed ogre.
The two-headed ogre is moderately wounded.
You feel better.
The two-headed ogre hits you with a +0 giant club!
The two-headed ogre closely misses you.
You feel better.
The two-headed ogre hits you with a +0 giant club!!
* * * LOW HITPOINT WARNING * * *
The two-headed ogre closely misses you.
Aiming: Smiting
Press: ? - help, Dir - move target, f/p - two-headed ogre Smite: a two-headed ogre, wielding two +0 giant clubs (moderately wounded)
You smite the two-headed ogre!
The two-headed ogre is heavily wounded.
Aiming: Smiting
Press: ? - help, Dir - move target, f/p - two-headed ogre Smite: a two-headed ogre, wielding two +0 giant clubs (heavily wounded)
You smite the two-headed ogre!
The two-headed ogre is severely wounded.
You can no longer smite your foes.
The two-headed ogre barely misses you.
The two-headed ogre completely misses you.
You completely miss the two-headed ogre.
The two-headed ogre is severely wounded.
Your +4 flail of protection hums with potential!
P - a +4 flail of protection (weapon)
The two-headed ogre barely misses you. x2
You hit the two-headed ogre.
Your weapon exudes an aura of protection.
The two-headed ogre is severely wounded.
You sock the two-headed ogre!
The two-headed ogre is almost dead.
The two-headed ogre hits you with a +0 giant club!
* * * LOW HITPOINT WARNING * * *
The two-headed ogre closely misses you.
You barely miss the two-headed ogre.
The two-headed ogre is almost dead.
The two-headed ogre closely misses you.
The two-headed ogre hits you with a +0 giant club!!
You die...

#######.#
#.#
#####.###.#
#.........#
#.###.#####
#.# #.# #.#
#.# #.# #.#
#h###.####
#.O......$
###......#
.#.##.# .#
.. .# #.#
.# # O# ..


You could see a two-headed ogre.

Vanquished Creatures
  Grinder (D:4)
  A hornet (D:7)
  A slime creature (D:7)
  Sigmund (D:5)
  A yak (D:7)
  2 steam dragons (D:7)
  Edmund (D:5)
  2 water moccasins
  3 acid dragons
  An orc warrior (D:8)
  A sky beast (D:7)
  2 black bears
  2 ogres
  A centaur (D:7)
  A phantom (D:7)
  2 kobold brigands (D:7)
  2 bullfrogs
  A scorpion (D:5)
  4 wights
  5 killer bees (D:8)
  A howler monkey (D:5)
  2 hounds
  A gnoll bouda (D:6)
  A jelly (D:4)
  Crazy Yiuf (D:2)
  2 iguanas
  Natasha (thrice) (D:2 D:1)
  6 orc wizards
  3 gnolls (D:6)
  5 adders
  3 shadow imps
  2 white imps (D:7)
  5 dart slugs
  30 orcs
  8 bats
  3 endoplasms
  7 giant cockroaches
  2 goblins (D:1)
  9 hobgoblins
  4 jackals (D:3)
  3 quokkas
  6 ball pythons
  2 frilled lizards (D:1)
  2 goblin zombies (D:7)
  3 hobgoblin zombies (D:7)
  13 kobolds
  An orc zombie (D:7)
  6 rats
169 creatures vanquished.

Vanquished Creatures (others)
  An orc priest (D:8)
  An orc (D:8)
2 creatures vanquished.

Grand Total: 171 creatures vanquished

Notes
Turn   | Place    | Note
-------+----------+-------------------------------------------
     0 | D:1      | avis the Hill Orc Monk began the quest for the Orb.
     0 | D:1      | Reached XP level 1. HP: 19/19 MP: 1/1
   138 | D:1      | Reached XP level 2. HP: 26/26 MP: 2/2
   186 | D:1      | Reached skill level 5 in Axes
   402 | D:1      | Reached XP level 3. HP: 24/33 MP: 3/3
   973 | D:2      | Noticed Natasha
   992 | D:2      | Killed Natasha
   993 | D:2      | Reached skill level 6 in Axes
   993 | D:2      | Reached XP level 4. HP: 23/40 MP: 4/4
  1322 | D:2      | Found a runed translucent door.
  1323 | D:2      | Noticed Crazy Yiuf
  1696 | D:2      | Noticed Natasha
  1713 | D:2      | Killed Natasha
  1897 | D:2      | Noticed Natasha
  1915 | D:1      | Killed Natasha
  1916 | D:1      | Reached skill level 7 in Axes
  1916 | D:1      | Reached skill level 1 in Armour
  1916 | D:1      | Reached XP level 5. HP: 23/46 MP: 5/5
  1996 | D:2      | Killed Crazy Yiuf
  2278 | D:3      | Got the Verses on Numb Reformation
  2465 | D:3      | Found a hide-covered altar of Uskayaw.
  2709 | D:3      | Found a shadowy altar of Dithmenos.
  3092 | D:4      | Found an opulent altar of Gozag.
  3170 | D:4      | Found a staircase to the Ecumenical Temple.
  3196 | Temple   | Entered the Ecumenical Temple
  3258 | D:4      | Reached skill level 8 in Axes
  3258 | D:4      | Reached XP level 6. HP: 49/52 MP: 6/6
  3268 | D:4      | Noticed a black bear
  3281 | D:4      | Killed a black bear
  4075 | D:5      | Entered Level 5 of the Dungeon
  4077 | D:5      | Identified the +0 dagger of Jeaminy {holy, rC- rN+ rCorr
                  | Dex+4}
  4215 | D:5      | Reached skill level 9 in Axes
  4243 | D:5      | Reached XP level 7. HP: 57/60 MP: 7/7
  4270 | D:5      | Reached skill level 5 in Fighting
  4305 | D:5      | Noticed Grinder
  4523 | D:5      | Found a runed translucent door.
  4524 | D:5      | Noticed GoodGuyCap's ghost (novice OpSh)
  4676 | D:5      | Reached skill level 10 in Axes
  4954 | D:5      | Noticed Edmund
  4973 | D:5      | Killed Edmund
  4974 | D:5      | Reached XP level 8. HP: 39/68 MP: 8/8
  5073 | D:5      | Noticed Sigmund
  5091 | D:5      | Killed Sigmund
  5092 | D:5      | Reached skill level 11 in Axes
  5215 | D:4      | Killed Grinder
  5295 | D:6      | Identified the +1 chain mail "Atueqiff" {rC- MP+9 Str-4
                  | Dex+6}
  5435 | D:6      | Reached skill level 12 in Axes
  5593 | D:6      | Found an iron altar of Okawaru.
  5635 | D:6      | Reached skill level 13 in Axes
  5909 | D:6      | Found a blossoming altar of Fedhas.
  6174 | D:7      | Reached XP level 9. HP: 74/74 MP: 9/9
  6402 | D:7      | Found a glowing golden altar of the Shining One.
  6570 | D:7      | Found a large runed translucent door.
  6570 | D:7      | Found a large runed translucent door.
  6594 | D:7      | Reached skill level 14 in Axes
  6871 | D:7      | Found a large runed translucent door.
  6871 | D:7      | Found a large runed translucent door.
  7068 | D:7      | Noticed a hornet
  7081 | D:7      | Killed a hornet
  7082 | D:7      | Reached skill level 1 in Shapeshifting
  7152 | D:7      | Reached skill level 5 in Armour
  7409 | D:7      | Found a sparkling altar of Nemelex Xobeh.
  8000 | D:7      | Reached XP level 10. HP: 86/86 MP: 10/10
  8818 | D:8      | Became a worshipper of Beogh the Brigand
  8818 | D:8      | Reached * piety under Beogh
  8818 | D:8      | Reached ** piety under Beogh
  8925 | D:8      | You are sucked into a shaft and drop 3 floors!
  8942 | D:11     | Noticed a two-headed ogre
  8965 | D:11     | HP: 3/88 [two-headed ogre/+0 giant club (14)]
  8966 | D:11     | Demolished by a two-headed ogre

Illustrated notes

Levels and vault maps discovered:
D:1:      sevenhm_arrival_forest_fort_small_3, layout_rooms
D:2:      layout_basic, minmay_misc_feat_tiny, uniq_crazy_yiuf_cottage,
          uniq_natasha
D:3:      layout_loops_cross, general_overflow_altar, marbit_many_paths,
          small_statue_intersection
D:4:      layout_basic, nicolae_overflow_crystal_walls,
          minmay_temple_entry_sparse_star
D:5:      layout_loops_cross, gammafunk_ghost_grave, hex_tiny,
          sigmund_edmund_badplayer, uniq_grinder
D:6:      layout_basic, okawaru_trees_2, mainiacjoe_overflow_alcove_2
D:7:      layout_loops_corners, nemelex_xobeh_ov_fountains_minmay,
          nicolae_tso_besieged_by_evil, serial_aquarium, aquarium_bridge_square
          [aquarium_subvault_balcony, aquarium_subvault_wall,
          aquarium_subvault_bridge, aquarium_subvault_wall],
          aquarium_window_fake, aquarium_window_double, aquarium_window_1,
          aquarium_view_2c, minmay_hollow_rounded_squares
D:8:      cheibrodos_wizards_tower, layout_layer_cave, st_stairs_11,
          minmay_door_square, kennysheep_flooded_box
D:11:     layout_loops_ring, portal_ice_cave_rime
Temple:   regret_index_temple_generic_petals

Skill      XL: |  1  2  3  4  5  6  7  8  9 10 |
---------------+-------------------------------+-----
Axes           | 5 6 7 8 9 10 13 14 | 14.0
Fighting       | 4 5 7 8 |  8.1
Armour         | 1 2 3 4 5 |  5.0
Dodging        | 3 |  3.0
Shapeshifting  | 3 4 |  4.7

Action                     |  1- 3 |  4- 6 |  7- 9 | 10-12 || total
---------------------------+-------+-------+-------+-------++-------
  Melee: Hand axe          |   102 |   161 |   198 |    42 ||   503
         Mace              |       |     5 |    19 |       ||    24
         Short sword       |       |       |    61 |       ||    61
         Punch             |       |       |     2 |       ||     2
         Flail             |       |       |       |     3 ||     3
   Fire: Arbalest          |       |       |    39 |    33 ||    72
  Throw: Dart              |       |     5 |     6 |       ||    11
 Invoke: Smiting           |       |       |       |     2 ||     2
         Convert to Beogh  |       |       |       |     1 ||     1
    Use: Scroll            |       |       |     5 |     1 ||     6
         Potion            |       |       |     2 |     2 ||     4
 Armour: Robe              |     8 |       |       |       ||     8
         Plate armour      |    38 |    48 |       |       ||    86
         Chain mail        |       |    34 |    92 |    31 ||   157
  Dodge: Dodged            |    39 |    88 |   171 |    74 ||   372
   Form: Beast             |       |       |     1 |       ||     1

Table legend: (Time is in decaauts)
 A = Elapsed time spent in this place.
 B = Non-inter-level travel time spent in this place.
 C = Inter-level travel time spent in this place.
 D = Time resting spent in this place.
 E = Time spent auto-exploring this place.
 F = Levels seen in this place.
 G = Mean time per level.
                   A        B        C        D        E       F      G
               +--------+--------+--------+--------+--------+-----+--------+
         Total |   9011 |   7712 |   1299 |   1193 |   4197 |  10 |  901.1 |
       Dungeon |   8965 |   7667 |   1298 |   1193 |   4197 |   9 |  996.1 |
        Temple |     45 |     44 |      1 |      0 |      0 |   1 |   45.0 |
               +--------+--------+--------+--------+--------+-----+--------+

Top non-repeatable levels by time:
     D:7: 1887 daAuts
     D:2: 1408 daAuts
     D:4: 1199 daAuts
     D:5: 1150 daAuts
     D:6: 1015 daAuts
     D:3: 879 daAuts
     D:1: 846 daAuts
     D:8: 536 daAuts
  Temple: 45 daAuts
    D:11: 42 daAuts
